 Dungeon Crawl Stone Soup version 0.21.1-1-g345015f (webtiles) character file.

62458 shakethe the Spry (level 14, -4/68 HPs)
             Began as a Deep Elf Conjurer on Feb 21, 2018.
             Was an Elder of Vehumet.
             Slain by a swamp worm (17 damage)
             ... on level 1 of the Lair of Beasts on Feb 22, 2018.
             The game lasted 01:12:20 (19231 turns).

shakethe the Spry (Deep Elf Conjurer)              Turns: 19231, Time: 01:12:21

Health: -4/68      AC:  7    Str: 10    XL:     14   Next: 64%
Magic:  10/42      EV: 26    Int: 24    God:    Vehumet [****..]
Gold:   846        SH:  0    Dex: 15    Spells: 9/39 levels left

rFire    . . .     SeeInvis .   e - +2 dagger "Atrogoro" {holy, +Fly rPois rN+ Str+3}
rCold    . . .     Gourm    +   (no shield)
rNeg     + . .     Faith    .   M - +1 robe {Archmagi}
rPois    +         Spirit   .   n - +0 helmet
rElec    .         Reflect  .   X - +0 cloak
rCorr    .         Harm     .   r - +0 pair of gloves
MR       +....                  G - +0 pair of boots
Stlth    +.........             A - amulet of the gourmand {Gourm, !d}
HPRegen  0.21/turn              C - +3 ring of evasion
MPRegen  0.28/turn              w - ring of magical power {MP+9}

@: very slow
A: no striking features
a: Renounce Religion, Evoke Flight


You were on level 1 of the Lair of Beasts.
You worshipped Vehumet.
Vehumet was greatly pleased with you.
You were completely stuffed.

You visited 2 branches of the dungeon, and saw 16 of its levels.

You collected 1314 gold pieces.
You spent 468 gold pieces at shops.

Inventory:

Hand Weapons
 e - the +2 dagger "Atrogoro" (weapon) {holy, +Fly rPois rN+ Str+3}
   (You found it on level 5 of the Dungeon)

   It has been blessed by the Shining One to cause great damage to the undead
   and demons.
   It affects your strength (+3).
   It protects you from poison.
   It protects you from negative energy.
   It lets you fly.
 v - the +5 falchion "Obyicsud" {flame, *Rage Dex+5, unknown}
   (You found it on level 12 of the Dungeon)

   It has been specially enchanted to burn those struck by it, causing extra
   injury to most foes and up to half again as much damage against particularly
   susceptible opponents.
   Big, fiery blades are also staple armaments of hydra-hunters.
   It affects your dexterity (+5).
   It may make you go berserk in combat.
 z - a +3 eveningstar
   (You took it off Urug on level 13 of the Dungeon)
Missiles
 H - 3 throwing nets {=f, !d}
 K - 325 stones (quivered)
Armour
 n - a +0 helmet (worn)
   (You found it on level 1 of the Dungeon)
 r - a +0 pair of gloves (worn)
   (You found it on level 2 of the Dungeon)
 G - a +0 pair of boots (worn)
   (You bought it in a shop on level 4 of the Dungeon)
 M - a +1 robe of the Archmagi (worn)
   (You found it on level 5 of the Dungeon)
 X - a +0 cloak (worn)
   (You found it on level 9 of the Dungeon)
Jewellery
 f - an uncursed amulet of faith {Faith, !P}
   (You found it on level 2 of the Dungeon)
 g - an uncursed ring of see invisible {sInv, !d}
   (You found it on level 1 of the Dungeon)
 m - a +2 ring of strength
   (You found it on level 1 of the Dungeon)
 p - an uncursed ring of protection from cold {rC+, !d}
   (You took it off an orc on level 3 of the Dungeon)
 w - a ring of magical power (right hand) {MP+9}
   (You found it on level 3 of the Dungeon)
 A - an amulet of the gourmand (around neck) {Gourm, !d}
   (You found it on level 3 of the Dungeon)
 C - a +3 ring of evasion (left hand)
   (You found it on level 3 of the Dungeon)
 D - a +2 ring of dexterity
   (You found it on level 4 of the Dungeon)
 R - an uncursed ring of stealth {Stlth+}
   (You found it on level 7 of the Dungeon)
Wands
 L - a wand of digging (27)
   (You found it on level 5 of the Dungeon)
 T - a wand of scattershot (8)
   (You found it on level 11 of the Dungeon)
Scrolls
 d - 5 scrolls of amnesia
 i - 5 scrolls of teleportation
 o - 4 scrolls of magic mapping {!r}
 y - 9 scrolls of remove curse
 B - a scroll of fear
 E - 2 scrolls of immolation {!r}
 I - 4 scrolls of blinking {!r}
 O - a scroll of identify
 S - a scroll of enchant weapon
 U - a scroll of fog
Potions
 a - 4 potions of heal wounds
 h - 5 potions of flight
 k - 2 potions of ambrosia
 l - a potion of lignification {!q}
 q - 4 potions of resistance {unknown}
 s - 2 potions of agility
 t - 8 potions of curing
 u - 2 potions of haste
 x - a potion of might
 F - 2 potions of magic
 J - a potion of cancellation
 N - 4 potions of mutation {unknown}
 Q - 2 potions of brilliance
 V - 2 potions of berserk rage {!q}
Books
 b - a book of Conjurations
 j - a book of Necromancy
   (You found it on level 3 of the Dungeon)
 P - a Fen Folio
   (You bought it in a shop on level 10 of the Dungeon)
Comestibles
 c - 22 rations


   Skills:
 + Level 15.6 Dodging
 - Level 2.4 Stealth
 + Level 13.0 Spellcasting
 + Level 12.2 Conjurations
 + Level 13.2 Necromancy
 + Level 12.0 Earth Magic


You had 9 spell levels left.
You knew the following spells:

 Your Spells              Type           Power        Failure   Level  Hunger
a - Magic Dart            Conj           ####         1%          1    None
b - Searing Ray           Conj           ######       1%          2    None
c - Borgnjor's Vile Clut  Necr/Erth      #######...   1%          5    ###....
d - Force Lance           Conj/Tloc      ######..     1%          4    None
e - Dazzling Spray        Conj/Hex       ######       1%          3    None
f - Conjure Flame         Conj/Fire      ######..     1%          3    None
g - Bolt of Draining      Conj/Necr      #######...   1%          5    ###....
r - Regeneration          Chrm/Necr      ######....   1%          3    None
x - Iskenderun's Mystic   Conj           #######.     1%          4    None


Dungeon Overview and Level Annotations

Branches:
Dungeon (15/15)            Temple (0/1) D:5            Lair (1/6) D:8
    Orc (0/2) D:10         Vaults (0/5) D:13
 Depths: D:15

Altars:
Ashenzari
Cheibriados
Elyvilon
Fedhas
Gozag
Kikubaaqudgha
Makhleb
Nemelex Xobeh
Trog
Vehumet
Xom
Zin
The Shining One

Shops:
D:4 [=}*[   D:10 }(*   D:13 =   D:14 (


Message History

You eat one of the 2 chunks of flesh {@w0@w0}.
This raw flesh tastes great.
You enter the shallow water.
Moving in this stuff is going to be slow.
A worm comes into view.
The worm moves out of view.
You regained 4 mp, and now have 32/42 mp.
The worm is too close now for your liking.
Aim: a worm You feel a surge of power!
The searing ray hits the worm. (Press . to maintain the ray.)
You now have 30/42 mp.
The searing ray hits the worm.
The searing ray hits the worm.
You kill the worm!
Vehumet accepts your kill.
You feel your power returning.
You finish channeling your searing ray.
You now have 30/42 mp.
A swamp worm bursts forth from the water.
The swamp worm completely misses you. The swamp worm closely misses you.
Aim: a swamp worm You feel a surge of power!
The orb of energy hits the swamp worm.
The orb of energy explodes!
The swamp worm completely misses you.
You now have 27/42 mp.
Aim: a swamp worm (moderately wounded)
You feel a surge of power!
The orb of energy hits the swamp worm.
The orb of energy explodes!
The swamp worm misses you.
You now have 23/42 mp.
Aim: a swamp worm (heavily wounded)
You feel a surge of power!
The orb of energy hits the swamp worm.
The orb of energy explodes!
The swamp worm completely misses you.
You now have 19/42 mp.
Aim: a swamp worm (severely wounded)
You feel a surge of power!
The orb of energy hits the swamp worm.
You kill the swamp worm!
Vehumet accepts your kill.
You feel your power returning.
The orb of energy explodes!
You regained 2 mp, and now have 21/42 mp.
All of the chunks of flesh in your inventory have rotted away.
Aim: a worm You feel a surge of power!
The orb of energy hits the worm.
You kill the worm!
Vehumet accepts your kill.
You feel your power returning.
You now have 19/42 mp.
A swamp worm bursts forth from the water.
The swamp worm misses you.
A swamp worm bursts forth from the water.
The swamp worm bites you!
A swamp worm bursts forth from the water.
The swamp worm misses you.
You take 17 damage, and have 51/68 hp.
MASSIVE DAMAGE!!
You feel a surge of power!
Decaying hands burst forth from the earth!
Zombie hands grab the swamp worm. x3
The zombie hands constrict the swamp worm! x3
The swamp worm completely misses you. The swamp worm misses you. x2
The swamp worm completely misses you.
You now have 15/42 mp.
Aim: a swamp worm (lightly wounded, constricted by zombie hands)
You feel a surge of power!
The orb of energy hits the swamp worm.
The orb of energy explodes!
The mystic blast hits the swamp worm. x2
You kill the swamp worm!
Vehumet accepts your kill.
You feel your power returning.
The zombie hands constrict the swamp worm!
You kill the swamp worm!
Vehumet accepts your kill.
The zombie hands constrict the swamp worm!
You kill the swamp worm!
Vehumet accepts your kill.
You feel your power returning.
You regained 3 mp, and now have 18/42 mp.
A swamp worm bursts forth from the water.
The swamp worm misses you.
A swamp worm bursts forth from the water.
The swamp worm bites you! The swamp worm closely misses you.
You see here a swamp worm corpse.
You take 7 damage, and have 45/68 hp.
The swamp worm bites you but does no damage.
The swamp worm completely misses you. x2; The swamp worm bites you!!
You take 18 damage, and have 27/68 hp.
MASSIVE DAMAGE!!
You feel a surge of power!
Decaying hands burst forth from the earth!
Zombie hands grab the swamp worm. x2
The zombie hands constrict the swamp worm! x2
The swamp worm misses you. The swamp worm bites you.
You take 3 damage, and have 24/68 hp.
You now have 14/42 mp.
Aim: a swamp worm (moderately wounded, constricted by zombie hands)
You feel a surge of power!
The orb of energy hits the swamp worm.
The orb of energy explodes!
The zombie hands constrict the swamp worm!
The zombie hands constrict the swamp worm!!
The swamp worm bites you!
* * * LOW HITPOINT WARNING * * *
The swamp worm bites you!
You die...

.##.#.# #. ....#......# .
...........###
.............
≈≈...P##..... .#..≈
≈≈≈.####.... ...≈≈
#######≈≈≈........
#.≈≈##w≈≈≈≈#P≈≈.......†
#.≈≈#$@†≈≈≈≈≈≈≈.#.#....
..##≈≈##w≈†≈≈#P≈≈####.#..
...≈≈≈#######≈≈≈...†.†..
..####≈≈≈≈≈≈≈≈≈≈≈..##.....
....(..<≈÷÷≈≈≈÷#...###>.#.
....#...........#.....###.
...........)....[.........
###.##.............###..#.
........P###.##..#..##.#.#


You could see 2 swamp worms.

Vanquished Creatures
  Frances (D:13)
  Azrael (D:14)
  A fire dragon (D:14)
  Josephine (D:13)
  4 vault guards (D:13)
  Harold (Lair:1)
  A hydra (D:11)
  A centaur warrior (D:14)
  Erica (D:9)
  4 two-headed ogres
  A tengu warrior (D:14)
  The ghost of derrymb the Magician, a novice GnWr (D:8)
  Urug (D:13)
  3 skeletal warriors (D:14)
  2 unseen horrors
  An obsidian statue (D:8)
  The ghost of SaintRoka the Covert, a novice NaCj (D:7)
  8 ugly things
  3 manticores
  A cyclops (D:13)
  A moth of wrath (D:7)
  A spiny frog (Lair:1)
  3 kobold demonologists
  A rime drake (Lair:1)
  A tengu conjurer (D:14)
  3 trolls
  A hornet (D:11)
  4 hippogriffs
  2 meliai zombies
  3 shadows
  3 fire elementals (D:14)
  Sigmund (D:6)
  6 yaks (D:10)
  A vampire (D:12)
  A wyvern (D:10)
  3 wraiths (D:13)
  A spriggan (D:9)
  A steam dragon (D:12)
  A human (shapeshifter) (D:14)
  2 hungry ghosts
  12 vampire mosquitoes
  A soldier ant (D:10)
  5 swamp worms (Lair:1)
  3 hell hounds (D:14)
  4 porcupines (D:8)
  6 ice beasts
  A water moccasin (Lair:1)
  6 orc warriors
  5 sky beasts
  2 hornet zombies
  5 black bears
  A necrophage (D:13)
  2 ogres
  4 phantoms
  5 wolves
  14 centaurs
  3 crocodiles (D:8)
  4 big kobolds
  10 bullfrogs
  A wyvern skeleton (D:8)
  2 scorpions (D:10)
  4 killer bees (D:9)
  7 wights
  10 howler monkeys
  7 crimson imps
  2 bullfrog zombies
  3 centaur zombies (D:12)
  7 jellies
  5 hounds
  2 orc priests
  3 bullfrog skeletons
  5 centaur skeletons
  8 orc wizards
  Jessica (D:2)
  9 iguanas
  11 worker ants
  A killer bee zombie (D:5)
  A hound skeleton (D:6)
  4 gnolls (D:7)
  A howler monkey skeleton (D:4)
  2 worker ant zombies
  17 adders
  3 shadow imps
  3 oozes
  An adder zombie (D:8)
  12 worms
  2 dart slugs
  9 leopard geckos
  58 orcs
  A ball python (D:2)
  3 giant cockroaches
  5 goblins
  5 hobgoblins
  6 jackals
  9 quokkas
  9 bats
  7 frilled lizards
  A jackal zombie (D:5)
  10 kobolds
  A quokka skeleton (D:5)
  A quokka zombie (D:5)
  15 rats
445 creatures vanquished.

Vanquished Creatures (others)
  6 plants
6 creatures vanquished.

Grand Total: 451 creatures vanquished

Notes
Turn   | Place    | Note
-------+----------+-------------------------------------------
     0 | D:1      | shakethe the Deep Elf Conjurer began the quest for the Orb.
     0 | D:1      | Reached XP level 1. HP: 10/10 MP: 6/6
   163 | D:1      | Reached XP level 2. HP: 15/15 MP: 0/8
   170 | D:1      | Reached skill level 3 in Dodging
   904 | D:1      | Reached XP level 3. HP: 10/19 MP: 1/9
   918 | D:1      | HP: 4/19 [poisoned by an adder]
   920 | D:1      | Reached skill level 5 in Conjurations
  1336 | D:2      | Noticed Jessica
  1378 | D:1      | Reached skill level 4 in Dodging
  1580 | D:1      | Learned a level 2 spell: Searing Ray
  1586 | D:2      | Reached XP level 4. HP: 19/24 MP: 6/10
  1737 | D:1      | Learned a level 4 spell: Iskenderun's Mystic Blast
  2078 | D:2      | Found a snail-covered altar of Cheibriados.
  2128 | D:2      | Killed Jessica
  2430 | D:3      | Reached XP level 5. HP: 28/28 MP: 11/11
  2554 | D:3      | Learned a level 3 spell: Regeneration
  2813 | D:3      | Found a glowing golden altar of the Shining One.
  2940 | D:3      | Found a blossoming altar of Fedhas.
  2951 | D:3      | Reached skill level 5 in Dodging
  3081 | D:4      | Noticed a phantom
  3196 | D:4      | Reached skill level 6 in Conjurations
  3202 | D:3      | Killed a phantom
  3202 | D:3      | Reached skill level 1 in Necromancy
  3202 | D:3      | Reached XP level 6. HP: 28/32 MP: 1/13
  3385 | D:4      | Found a white marble altar of Elyvilon.
  3466 | D:4      | Found Ymnaerob's Gadget Emporium.
  3539 | D:4      | Found an opulent altar of Gozag.
  3562 | D:4      | Reached skill level 2 in Necromancy
  3570 | D:4      | Reached skill level 4 in Spellcasting
  3714 | D:4      | Found Ustrar's Armour Shop.
  3717 | D:4      | Bought a +0 pair of boots for 63 gold pieces
  4042 | D:4      | Found Bevoip's General Store.
  4165 | D:4      | Bought a scroll of blinking for 90 gold pieces
  4215 | D:4      | Found Goanaor's Jewellery Boutique.
  4223 | D:4      | Reached XP level 7. HP: 36/36 MP: 14/15
  4306 | D:4      | Found Utrigo's Antique Armour Emporium.
  4323 | D:4      | Reached skill level 3 in Necromancy
  4679 | D:4      | Learned a level 5 spell: Borgnjor's Vile Clutch
  4757 | D:5      | Entered Level 5 of the Dungeon
  4880 | D:5      | Reached skill level 6 in Dodging
  5293 | D:5      | Found a shattered altar of Ashenzari.
  5296 | D:5      | Reached skill level 5 in Spellcasting
  5300 | D:5      | Got an encrusted dagger
  5314 | D:5      | Identified the +2 dagger "Atrogoro" {holy, +Fly rPois rN+ Str+3} (You found it on level 5 of the Dungeon)
  5332 | D:5      | Reached skill level 1 in Earth Magic
  5520 | D:5      | Reached skill level 7 in Conjurations
  5785 | D:5      | Found a burning altar of Makhleb.
  5787 | D:5      | Reached skill level 4 in Necromancy
  5787 | D:5      | Reached skill level 2 in Earth Magic
  5923 | D:5      | Reached XP level 8. HP: 41/41 MP: 18/18
  6048 | D:5      | Found a radiant altar of Vehumet.
  6062 | D:5      | Found a staircase to the Ecumenical Temple.
  6077 | D:5      | Became a worshipper of Vehumet
  6342 | D:6      | Noticed Sigmund
  6348 | D:6      | Reached skill level 6 in Spellcasting
  6419 | D:6      | Killed Sigmund
  6419 | D:6      | Reached skill level 7 in Dodging
  6419 | D:6      | Reached skill level 3 in Earth Magic
  6530 | D:5      | Learned a level 4 spell: Force Lance
  6579 | D:6      | Reached skill level 5 in Necromancy
  6693 | D:6      | Found a sparkling altar of Nemelex Xobeh.
  7316 | D:6      | Reached skill level 7 in Spellcasting
  7316 | D:6      | Reached skill level 4 in Earth Magic
  7317 | D:6      | Reached skill level 8 in Conjurations
  7320 | D:6      | Reached XP level 9. HP: 45/45 MP: 8/21
  7537 | D:6      | Learned a level 3 spell: Dazzling Spray
  7572 | D:7      | Reached * piety under Vehumet
  7572 | D:7      | Offered knowledge of Flame Tongue by Vehumet.
  7674 | D:7      | Noticed SaintRoka's ghost (novice NaCj)
  7779 | D:7      | Killed SaintRoka's ghost
  7779 | D:7      | Reached skill level 8 in Dodging
  7779 | D:7      | Reached skill level 6 in Necromancy
  8314 | D:7      | Noticed a moth of wrath
  8317 | D:7      | Found a bloodstained altar of Trog.
  8327 | D:7      | Killed a moth of wrath
  8327 | D:7      | Reached skill level 8 in Spellcasting
  8327 | D:7      | Reached skill level 5 in Earth Magic
  8718 | D:8      | Reached skill level 7 in Necromancy
  8810 | D:8      | Reached skill level 9 in Conjurations
  8835 | D:8      | Reached XP level 10. HP: 34/50 MP: 19/24
  8949 | D:8      | Reached skill level 9 in Dodging
  8963 | D:8      | Found a staircase to the Lair.
  8964 | D:8      | Noticed derrymb's ghost (novice GnWr)
  9008 | D:8      | Offered knowledge of Shock by Vehumet.
  9008 | D:8      | Reached skill level 6 in Earth Magic
  9167 | D:8      | Reached ** piety under Vehumet
  9281 | D:8      | Reached skill level 9 in Spellcasting
  9467 | D:8      | Killed derrymb's ghost
  9673 | D:8      | Noticed an obsidian statue
  9679 | D:8      | Noticed a sun demon
  9681 | D:8      | Killed an obsidian statue
  9681 | D:8      | Reached skill level 8 in Necromancy
 10319 | D:9      | Noticed a two-headed ogre
 10327 | D:9      | Killed a two-headed ogre
 10327 | D:9      | Reached skill level 7 in Earth Magic
 10511 | D:9      | Reached skill level 10 in Dodging
 10514 | D:9      | Reached skill level 10 in Spellcasting
 10758 | D:9      | Found a shimmering altar of Xom.
 10764 | D:9      | Found an ancient bone altar of Kikubaaqudgha.
 10765 | D:9      | Found a bloodstained altar of Trog.
 10935 | D:9      | Found a glowing silver altar of Zin.
 10970 | D:9      | Reached skill level 10 in Conjurations
 11054 | D:9      | Offered knowledge of Conjure Flame by Vehumet.
 11054 | D:9      | Reached XP level 11. HP: 54/54 MP: 27/27
 11059 | D:9      | Learned a level 3 spell: Conjure Flame
 11238 | D:9      | Reached *** piety under Vehumet
 11358 | D:9      | Noticed Erica
 11364 | D:9      | Killed Erica
 11620 | D:9      | Reached skill level 9 in Necromancy
 11805 | D:9      | Reached skill level 14 in Dodging
 11805 | D:9      | Reached XP level 12. HP: 59/59 MP: 28/28
 11806 | D:9      | Reached skill level 11 in Necromancy
 11806 | D:9      | Reached skill level 9 in Earth Magic
 11806 | D:9      | Reached XP level 13. HP: 63/63 MP: 29/29
 11817 | D:10     | Entered Level 10 of the Dungeon
 11821 | D:10     | Reached skill level 10 in Earth Magic
 11853 | D:10     | Found Sustra's Antique Weapon Shop.
 12270 | D:10     | Found Owked's Assorted Antiques.
 12274 | D:10     | Bought a paperback book for 315 gold pieces
 12310 | D:10     | Found Amugoil's Gadget Emporium.
 12318 | D:10     | Offered knowledge of Olgreb's Toxic Radiance by Vehumet.
 12334 | D:10     | Got a silken robe
 12346 | D:10     | Identified the cursed +1 robe of Honour {Int+2 Dex+4} (You found it on level 10 of the Dungeon)
 12589 | D:10     | Reached **** piety under Vehumet
 12670 | D:10     | Found a staircase to the Orcish Mines.
 12819 | D:11     | Offered knowledge of Ignite Poison by Vehumet.
 13096 | D:11     | Reached skill level 11 in Spellcasting
 13953 | D:12     | Found an opulent altar of Gozag.
 14830 | D:12     | Got a smoking falchion
 15120 | D:13     | Reached skill level 11 in Conjurations
 15128 | D:13     | Reached skill level 12 in Necromancy
 15214 | D:13     | Found Caodd's Jewellery Emporium.
 15232 | D:13     | Noticed Urug
 15247 | D:13     | Killed Urug
 15641 | D:13     | Reached ***** piety under Vehumet
 15641 | D:13     | Reached skill level 11 in Earth Magic
 15643 | D:13     | Offered knowledge of Bolt of Draining by Vehumet.
 15657 | D:13     | Learned a level 5 spell: Bolt of Draining
 15789 | D:13     | Found a gate to the Vaults.
 16035 | D:13     | Reached XP level 14. HP: 68/68 MP: 5/31
 16268 | D:13     | Noticed Frances
 16274 | D:13     | Killed Frances
 16274 | D:13     | Reached skill level 15 in Dodging
 16274 | D:13     | Reached skill level 12 in Spellcasting
 16814 | D:13     | Noticed Josephine
 16820 | D:13     | Killed Josephine
 17679 | D:14     | Found Oklanen's Weapon Shoppe.
 17840 | D:14     | Noticed Azrael
 17848 | D:14     | Killed Azrael
 18000 | D:14     | Reached skill level 13 in Necromancy
 18003 | D:14     | Reached skill level 12 in Conjurations
 18311 | D:15     | Entered Level 15 of the Dungeon
 18868 | Lair:1   | Entered Level 1 of the Lair of Beasts
 18870 | Lair:1   | Noticed Harold
 18877 | Lair:1   | Reached skill level 12 in Earth Magic
 19034 | Lair:1   | Killed Harold
 19034 | Lair:1   | Reached skill level 13 in Spellcasting
 19231 | Lair:1   | HP: 13/68 [swamp worm (11)]
 19231 | Lair:1   | Slain by a swamp worm

Skill      XL: |  1  2  3  4  5  6  7  8  9 10 11 12 13 14 |
---------------+-------------------------------------------+-----
Dodging        | 3 4 5 6 7 8 10 14 15 | 15.6
Conjurations   | 5 6 7 8 9 10 11 12 | 12.2
Necromancy     | 1 2 4 5 7 8 9 11 12 13 | 13.2
Spellcasting   | 4 5 7 8 10 11 13 | 13.0
Earth Magic    | 2 4 5 7 9 11 12 | 12.0
Stealth        | |  2.4

Action                   |  1- 3 |  4- 6 |  7- 9 | 10-12 | 13-15 || total
-------------------------+-------+-------+-------+-------+-------++-------
Melee: Dagger            |     1 |     6 |     5 |     1 |     3 ||    16
Throw: Stone             |       |       |     2 |       |       ||     2
 Cast: Magic Dart        |    79 |    99 |    98 |    61 |   114 ||   451
       Searing Ray       |     1 |     2 |     8 |     2 |     7 ||    20
       Iskenderun's Myst |       |    27 |    83 |    74 |   223 ||   407
       Borgnjor's Vile C |       |       |     4 |     7 |    65 ||    76
       Force Lance       |       |       |       |     2 |     3 ||     5
       Regeneration      |       |       |       |       |     3 ||     3
Evoke: Wand              |       |       |     1 |       |       ||     1
  Use: Scroll            |     3 |     2 |     4 |    11 |     7 ||    27
       Potion            |     1 |       |       |     2 |       ||     3
  Eat: Chunk             |     1 |    15 |    26 |    15 |    32 ||    89
       Ration            |       |     1 |       |       |       ||     1
Armor: Robe              |    10 |    11 |     5 |     3 |    17 ||    46
Dodge: Dodged            |    55 |    44 |    33 |    29 |   186 ||   347

Vault maps used:
D:1:      eino_arrival_water_cross
D:2:      cheibriados_altar_1, minmay_misc_feat_more_columns, st_stairs_10,
          uniq_jessica
D:3:      tso_oasis_becter, fedhas_altar_fruit_tree
D:4:      elyvilon_altar_5, lemuel_crystal_altar, first_ration, serial_shops,
          shop, shop, shop, nicolae_shop_crystal, shop, lexackson_kobold_supper
D:5:      makhleb_heckhound_becter, kennysheep_mini, ashenzari_altar_1,
          minmay_temple_entry_junction_2
D:6:      lemuel_crystal_altar, due_unseen_surprise, uniq_sigmund
D:7:      tgw_trog
D:8:      minmay_statue_hallways, minmay_lair_entry_grove
D:9:      zin_academy, minitemple, the_bakery, kennysheep_generic_room_6,
          uniq_erica
D:10:     hiddenorc1_lemuel, serial_shops, shop_fountains, nicolae_shop_crystal,
          shop
D:12:     basic_altar
D:13:     lightli_vaults_fourway_checkpoint, serial_shops,
          nicolae_shop_statue_plus, uniq_josephine, uniq_urug, uniq_frances
D:14:     serial_shops, shop_coins, spider_trap, uniq_azrael
D:15:     grunt_enter_depths_hoard, minmay_misc_feat_room, serial_shops, shop,
          lab_entry_generic
Lair:1:   nicolae_lair_grove_arrangements, worms_lemuel, uniq_harold

Table legend:
 A = Turns spent in this place as a percentage of turns spent in the entire game.
 B = Non-inter-level travel turns spent in this place as a percentage of non-inter-level travel turns spent in the entire game.
 C = Inter-level travel turns spent in this place as a percentage of turns spent in this place.
 D = Turns resting spent in this place as a percentage of non-inter-level travel turns spent in this place.
 E = Turns spent auto-exploring this place as a percentage of non-inter-level travel turns spent in this place.
 F = Non-inter-level travel turns spent in this place divided by the number of levels of this place that you've seen.
                   A       B       C       D       E      F
               +-------+-------+-------+-------+-------+----------------------
         Total | 100.0 | 100.0 |   3.1 |  35.1 |  43.3 | 1165.0
       Dungeon |  98.8 |  98.8 |   3.1 |  35.4 |  43.5 | 1227.5
          Lair |   1.2 |   1.2 |   0.0 |  14.5 |  28.9 | 228.0
               +-------+-------+-------+-------+-------+----------------------

Table legend:
 A = Kills in this place as a percentage of kills in entire the game.
 B = Kills by you in this place as a percentage of kills by you in the entire game.
 C = Kills by friends in this place as a percentage of kills by friends in the entire game.
 D = Other kills in this place as a percentage of other kills in the entire game.
 E = Experience gained in this place as a percentage of experience gained in the entire game.
 F = Experience gained in this place divided by the number of levels of this place that you have seen.
                   A       B       C       D       E      F
               +-------+-------+-------+-------+-------+----------------------
         Total | 100.0 | 100.0 |   N/A |   N/A | 100.0 | 3717.4
       Dungeon |  94.8 |  94.8 |   N/A |   N/A |  94.5 | 3746.8
          Lair |   5.2 |   5.2 |   N/A |   N/A |   5.5 | 3277.0
               +-------+-------+-------+-------+-------+----------------------
